[Event "37th Andorra Open 2019"]
[Site "Caldea"]
[Date "2019.07.26"]
[Round "1.3"]
[White "Peralta, Fernando"]
[Black "Lund, Frode Ryan"]
[Result "1-0"]
[ECO "D36"]
[WhiteElo "2562"]
[BlackElo "2052"]
[Annotator "ChessBase"]
[PlyCount "77"]
[EventDate "2018.07.21"]
[EventType "swiss"]
[EventCountry "AND"]
[SourceTitle "playchess.com"]
[Source "ChessBase"]
[SourceQuality "1"]
[TimeControl "40/5400+30:1800+30"]

1. d4 d5 2. c4 e6 3. Nc3 Nf6 4. cxd5 exd5 5. Bg5 Be7 6. e3 Nbd7 7. Bd3 O-O 8. Nge2 Re8 9. O-O c6 10. Qc2 Nf8 11. f3 Nh5 12. Bxe7 Qxe7 13. e4 Be6 14. e5 g6 15. f4 Ng7 16. Nd1 Bg4 17. Ne3 Bxe2 18. Bxe2 f5 19. Qd2 h5 20. b4 a6 21. Bd3 Nfe6 22. Bc2 Qd8 23. a4 Qb6 24. Rad1 Rf8 25. g3 Rf7 26. h3 Raf8 27. Ng2 Ne8 28. Nh4 Rg7 29. Kh2 N8c7 30. Rg1 Kf7 31. Bxf5 gxf5 32. Nxf5 Rh7 33. Nd6+ Kg8 34. f5 Ng7 35. a5 Qa7 36. g4 hxg4 37. Rxg4 Kh8 38. Rdg1 Nb5 39. Rxg7 1-0

[Event "37th Andorra Open 2019"]
[Site "Caldea"]
[Date "2019.07.26"]
[Round "1.4"]
[White "Partac, Elena"]
[Black "Vavulin, Maxim"]
[Result "0-1"]
[ECO "B06"]
[WhiteElo "2046"]
[BlackElo "2561"]
[Annotator "ChessBase"]
[PlyCount "72"]
[EventDate "2018.07.21"]
[EventType "swiss"]
[EventCountry "AND"]
[SourceTitle "playchess.com"]
[Source "ChessBase"]
[SourceQuality "1"]
[TimeControl "40/5400+30:1800+30"]

1. e4 g6 2. d4 Bg7 3. Nc3 a6 4. Be3 b5 5. Bd3 Bb7 6. Qd2 d6 7. O-O-O Nd7 8. Kb1 Rc8 9. f4 c5 10. dxc5 Nxc5 11. Nf3 Nxd3 12. cxd3 Nf6 13. h3 O-O 14. Rc1 Qd7 15. Ne2 Bc6 16. Ned4 Ba8 17. Nb3 Qb7 18. Na5 Qb8 19. Nd4 Rxc1+ 20. Rxc1 Nd7 21. Ndc6 Qe8 22. Na7 f5 23. Qb4 Nf6 24. N7c6 Qf7 25. Bb6 fxe4 26. dxe4 Qe6 27. Qb3 Qxb3 28. axb3 Nxe4 29. Nxe7+ Kh8 30. f5 gxf5 31. Nac6 f4 32. Nd4 Nc5 33. Bxc5 Be4+ 34. Ka2 dxc5 35. Ne6 Re8 36. Rxc5 Bf6 0-1

[Event "37th Andorra Open 2019"]
[Site "Caldea"]
[Date "2019.07.26"]
[Round "1.5"]
[White "Cuartas, Jaime Alexander"]
[Black "Ros Alonso, Joana"]
[Result "1-0"]
[ECO "C02"]
[WhiteElo "2542"]
[BlackElo "2045"]
[Annotator "ChessBase"]
[PlyCount "67"]
[EventDate "2018.07.21"]
[EventType "swiss"]
[EventCountry "AND"]
[SourceTitle "playchess.com"]
[Source "ChessBase"]
[SourceQuality "1"]
[TimeControl "40/5400+30:1800+30"]

1. e4 e6 2. d4 d5 3. e5 c5 4. c3 Qb6 5. Nf3 Bd7 6. a3 c4 7. Nbd2 Nc6 8. h4 Na5 9. g3 h6 10. Bh3 O-O-O 11. h5 Kb8 12. Nh4 Ne7 13. f4 Nf5 14. Nxf5 exf5 15. Qc2 g6 16. Rb1 Nb3 17. Nxb3 Ba4 18. Be3 Qxb3 19. Qxb3 Bxb3 20. Kd2 Be7 21. Rbg1 Ba4 22. hxg6 fxg6 23. g4 fxg4 24. Bxg4 h5 25. Be6 Be8 26. Rh2 a5 27. Bf2 Rf8 28. f5 g5 29. f6 Bxf6 30. exf6 Rxf6 31. Bh3 Rf3 32. Bg3+ Ka7 33. Bc7 Rd3+ 34. Ke2 1-0

[Event "37th Andorra Open 2019"]
[Site "Caldea"]
[Date "2019.07.26"]
[Round "1.6"]
[White "Garcia Gracia, Victor Hugo"]
[Black "Kharitonov, Alexandr"]
[Result "0-1"]
[ECO "B11"]
[WhiteElo "2032"]
[BlackElo "2540"]
[Annotator "ChessBase"]
[PlyCount "72"]
[EventDate "2018.07.21"]
[EventType "swiss"]
[EventCountry "AND"]
[SourceTitle "playchess.com"]
[Source "ChessBase"]
[SourceQuality "1"]
[TimeControl "40/5400+30:1800+30"]

1. e4 c6 2. Nc3 d5 3. Nf3 a6 4. d3 Bg4 5. h3 Bh5 6. g4 Bg6 7. Bg2 e6 8. Ne5 Bd6 9. Bf4 d4 10. Nxg6 hxg6 11. Ne2 Bxf4 12. Nxf4 e5 13. Ne2 c5 14. c3 Nc6 15. O-O g5 16. a3 Nge7 17. b4 cxb4 18. cxb4 O-O 19. Qd2 Ng6 20. Rfc1 Qe7 21. Rc4 Rfc8 22. Rac1 Na7 23. Ng3 Nf4 24. Nf5 Qd7 25. Kh2 g6 26. Ng3 Nb5 27. a4 Nc3 28. a5 Qb5 29. R1xc3 dxc3 30. Qxc3 Qe8 31. Nf1 Rd8 32. Rc7 Rxd3 33. Qc4 Rd4 34. Qc5 Ne6 35. Qxe5 Qb8 36. Rc5 Nxc5 0-1

[Event "37th Andorra Open 2019"]
[Site "Caldea"]
[Date "2019.07.26"]
[Round "1.7"]
[White "Rychagov, Andrey"]
[Black "Arnijas Fabregas, Marc"]
[Result "1-0"]
[ECO "E62"]
[WhiteElo "2537"]
[BlackElo "2028"]
[Annotator "ChessBase"]
[PlyCount "105"]
[EventDate "2018.07.21"]
[EventType "swiss"]
[EventCountry "AND"]
[SourceTitle "playchess.com"]
[Source "ChessBase"]
[SourceQuality "1"]
[TimeControl "40/5400+30:1800+30"]

1. d4 d6 2. Nf3 Nf6 3. c4 g6 4. g3 Bg7 5. Bg2 c6 6. O-O O-O 7. Nc3 Qa5 8. e4 Qh5 9. Ng5 Qxd1 10. Rxd1 h6 11. Nf3 Bg4 12. Be3 Nbd7 13. h3 Bxf3 14. Bxf3 Rac8 15. b4 c5 16. bxc5 dxc5 17. d5 Ne8 18. Rac1 Nd6 19. Nb5 Kh7 20. Bg4 f5 21. exf5 gxf5 22. Nxd6 exd6 23. Bh5 Nf6 24. Be2 Nd7 25. a4 b6 26. a5 Be5 27. Bd3 Kg7 28. axb6 axb6 29. f4 Bb2 30. Rc2 Ba3 31. Ra1 Bb4 32. Ra7 Rcd8 33. Bc1 Rf7 34. Re2 Bc3 35. Kg2 Kf8 36. Re6 Ne5 37. Rxf7+ Nxf7 38. Bxf5 Ra8 39. Bg6 Ra2+ 40. Kf3 Bd4 41. Kg4 Ra4 42. Bd3 Bc3 43. Kf3 Bd4 44. g4 Ra1 45. Be3 Ra3 46. Bxd4 Rxd3+ 47. Be3 Rb3 48. h4 b5 49. cxb5 Rxb5 50. g5 hxg5 51. hxg5 c4 52. g6 Rxd5 53. Rf6 1-0

[Event "37th Andorra Open 2019"]
[Site "Caldea"]
[Date "2019.07.28"]
[Round "2.2"]
[White "Lagarde, Maxime"]
[Black "Morros Faura, Ricard"]
[Result "1-0"]
[ECO "A05"]
[WhiteElo "2597"]
[BlackElo "2258"]
[Annotator "ChessBase"]
[PlyCount "74"]
[EventDate "2018.07.21"]
[EventType "swiss"]
[EventCountry "AND"]
[SourceTitle "playchess.com"]
[Source "ChessBase"]
[SourceQuality "1"]
[TimeControl "40/5400+30:1800+30"]

1. Nf3 Nf6 2. c4 e6 3. b3 b6 4. g3 Bb7 5. Bg2 Be7 6. O-O O-O 7. Bb2 d6 8. Re1 Nbd7 9. Nc3 Nc5 10. Qc2 e5 11. d4 exd4 12. Nxd4 Bxg2 13. Kxg2 Re8 14. e4 Bf8 15. f3 Qd7 16. Nd5 Nxd5 17. cxd5 a5 18. Nc6 f5 19. exf5 Rxe1 20. Rxe1 Re8 21. Re6 Qf7 22. g4 Be7 23. f4 Bf6 24. Ba3 Nxe6 25. dxe6 Rxe6 26. fxe6 Qxe6 27. h3 Qd5+ 28. Kg3 Qh1 29. g5 Qg1+ 30. Qg2 Qe3+ 31. Qf3 Qg1+ 32. Kh4 Qe1+ 33. Kg4 Qg1+ 34. Kf5 Qb1+ 35. Ke6 Qe1+ 36. Kd7 Bc3 37. Qd5+ Kf8 1-0

[Event "37th Andorra Open 2019"]
[Site "Caldea"]
[Date "2019.07.28"]
[Round "2.3"]
[White "Palacios Herrero, Pablo"]
[Black "Peralta, Fernando"]
[Result "0-1"]
[ECO "C02"]
[WhiteElo "2248"]
[BlackElo "2562"]
[Annotator "ChessBase"]
[PlyCount "34"]
[EventDate "2018.07.21"]
[EventType "swiss"]
[EventCountry "AND"]
[SourceTitle "playchess.com"]
[Source "ChessBase"]
[SourceQuality "1"]
[TimeControl "40/5400+30:1800+30"]

1. e4 e6 2. d4 d5 3. e5 c5 4. c3 Nc6 5. Nf3 Bd7 6. Be2 Nge7 7. O-O Nf5 8. dxc5 Bxc5 9. c4 dxc4 10. Bxc4 Ncd4 11. Nxd4 Bxd4 12. Qe2 O-O 13. Nd2 Bc6 14. Nb3 Bb6 15. Bd2 Qh4 16. Rac1 Ng3 17. Qe1 Qg4 0-1

[Event "37th Andorra Open 2019"]
[Site "Caldea"]
[Date "2019.07.28"]
[Round "2.4"]
[White "Vavulin, Maxim"]
[Black "Fernandez De Bobadilla, Gabriel"]
[Result "1-0"]
[ECO "B90"]
[WhiteElo "2561"]
[BlackElo "2231"]
[Annotator "ChessBase"]
[PlyCount "65"]
[EventDate "2018.07.21"]
[EventType "swiss"]
[EventCountry "AND"]
[SourceTitle "playchess.com"]
[Source "ChessBase"]
[SourceQuality "1"]
[TimeControl "40/5400+30:1800+30"]

1. e4 c5 2. Nc3 a6 3. Nf3 d6 4. d4 cxd4 5. Nxd4 Nf6 6. Be3 e5 7. Nb3 Be6 8. h3 Nbd7 9. g4 h6 10. Qd2 Be7 11. f4 exf4 12. Bxf4 Ne5 13. O-O-O b5 14. Qg2 Nfd7 15. Kb1 Rc8 16. Nd5 Bg5 17. Bg3 Bh4 18. Nd4 Bxg3 19. Qxg3 g6 20. Rh2 Bxd5 21. exd5 h5 22. gxh5 Rxh5 23. h4 Nf6 24. Re2 Kf8 25. Bg2 Nfg4 26. Nc6 Qxh4 27. Qa3 Qf6 28. Qxa6 Re8 29. Qxb5 Nxc6 30. Rxe8+ Kxe8 31. Qxc6+ Kf8 32. Qc8+ Kg7 33. Qxg4 1-0

[Event "37th Andorra Open 2019"]
[Site "Caldea"]
[Date "2019.07.28"]
[Round "2.7"]
[White "Sanchez Dengra, Jose Maria"]
[Black "Rychagov, Andrey"]
[Result "1-0"]
[ECO "B85"]
[WhiteElo "2216"]
[BlackElo "2537"]
[Annotator "ChessBase"]
[PlyCount "45"]
[EventDate "2018.07.21"]
[EventType "swiss"]
[EventCountry "AND"]
[SourceTitle "playchess.com"]
[Source "ChessBase"]
[SourceQuality "1"]
[TimeControl "40/5400+30:1800+30"]

1. e4 c5 2. Nf3 e6 3. d4 cxd4 4. Nxd4 a6 5. Nc3 Qc7 6. Be2 Nf6 7. O-O Be7 8. Be3 d6 9. a4 O-O 10. f4 Nc6 11. Kh1 Bd7 12. Qe1 Nxd4 13. Bxd4 b5 14. Qg3 b4 15. e5 dxe5 16. Bxe5 Qb7 17. Bf3 Bc6 18. Ne2 Bxf3 19. Rxf3 g6 20. Nd4 Rfd8 21. f5 Ne4 22. Qh3 exf5 23. Qxh7+ 1-0

[Event "37th Andorra Open 2019"]
[Site "Caldea"]
[Date "2019.07.31"]
[Round "3.1"]
[White "Roberson, Peter T"]
[Black "Lagarde, Maxime"]
[Result "0-1"]
[ECO "C78"]
[WhiteElo "2429"]
[BlackElo "2597"]
[Annotator "ChessBase"]
[PlyCount "104"]
[EventDate "2018.07.21"]
[EventType "swiss"]
[EventCountry "AND"]
[TimeControl "40/5400+30:1800+30"]

1. e4 e5 2. Nf3 Nc6 3. Bb5 a6 4. Ba4 Nf6 5. O-O b5 6. Bb3 Bc5 7. a4 Rb8 8. c3 d6 9. d4 Bb6 10. a5 Ba7 11. h3 O-O 12. Be3 Ra8 13. Bg5 h6 14. Bh4 Qe7 15. Re1 Kh7 16. Qd3 g5 17. Bg3 Nh5 18. Nbd2 Nf4 19. Bxf4 gxf4 20. Kh2 Qf6 21. Rg1 Ne7 22. g4 fxg3+ 23. fxg3 c5 24. dxe5 dxe5 25. c4 Ng6 26. Rad1 Rb8 27. Rgf1 Qe7 28. Nb1 Be6 29. Nc3 Rfd8 30. Qe2 Rxd1 31. Rxd1 bxc4 32. Ba2 Rb4 33. Nd5 Bxd5 34. exd5 e4 35. d6 Qf6 36. Qxe4 c3 37. Qd5 Rxb2+ 38. Kh1 Bb8 39. d7 Bc7 40. Rf1 Kg7 41. Qxc5 Ne5 42. Bd5 Qf5 43. g4 Qd3 44. Qxc7 Qxf1+ 45. Ng1 Qf4 46. Bg2 Qg3 47. Qxe5+ Qxe5 48. d8=Q Rd2 49. Qc8 c2 50. Qc4 Qa1 51. g5 hxg5 52. Qc5 Rxg2 0-1

[Event "37th Andorra Open 2019"]
[Site "Caldea"]
[Date "2019.07.30"]
[Round "3.2"]
[White "Peralta, Fernando"]
[Black "Fluvia Poyatos, Jordi"]
[Result "1/2-1/2"]
[ECO "D87"]
[WhiteElo "2562"]
[BlackElo "2455"]
[Annotator "RC"]
[PlyCount "42"]
[EventDate "2018.07.21"]
[EventType "swiss"]
[EventCountry "AND"]
[TimeControl "40/5400+30:1800+30"]

1. d4 Nf6 2. c4 g6 3. Nc3 d5 4. cxd5 Nxd5 5. e4 Nxc3 6. bxc3 Bg7 7. Bc4 c5 8. Ne2 O-O 9. O-O Nc6 10. Be3 Qc7 11. Rc1 Rd8 12. Bf4 e5 13. Bg5 Rd6 14. d5 Na5 15. Bd3 c4 16. Bc2 b5 17. Rb1 Bd7 18. f4 f6 19. fxe5 fxe5 20. Qe1 Nb7 21. Be7 Ra6 1/2-1/2

[Event "37th Andorra Open 2019"]
[Site "Caldea"]
[Date "2019.07.30"]
[Round "3.6"]
[White "Rendle, Thomas E"]
[Black "Arizmendi Martinez, Julen Luis"]
[Result "1/2-1/2"]
[ECO "C02"]
[WhiteElo "2372"]
[BlackElo "2512"]
[Annotator "ChessBase"]
[PlyCount "28"]
[EventDate "2018.07.21"]
[EventType "swiss"]
[EventCountry "AND"]
[TimeControl "40/5400+30:1800+30"]

1. e4 e6 2. d4 d5 3. e5 c5 4. c3 Qb6 5. Nf3 Nc6 6. a3 c4 7. Nbd2 Na5 8. Be2 Bd7 9. O-O Ne7 10. Rb1 Qc7 11. Ne1 Nc8 12. f4 Nb6 13. Bg4 g6 14. Ndf3 Be7 1/2-1/2

[Event "37th Andorra Open 2019"]
[Site "Caldea"]
[Date "2019.07.31"]
[Round "3.7"]
[White "Stella, Andrea"]
[Black "Hansen, Mads"]
[Result "1/2-1/2"]
[ECO "E15"]
[WhiteElo "2511"]
[BlackElo "2406"]
[Annotator "RC"]
[PlyCount "88"]
[EventDate "2018.07.21"]
[EventType "swiss"]
[EventCountry "AND"]
[TimeControl "40/5400+30:1800+30"]

1. d4 Nf6 2. c4 e6 3. Nf3 b6 4. g3 Ba6 5. b3 b5 6. cxb5 Bxb5 7. Bg2 d5 8. O-O Nbd7 9. Ba3 Bxa3 10. Nxa3 Ba6 11. Rc1 O-O 12. Rc6 Bb7 13. Rc2 Qe7 14. Rxc7 Qxa3 15. Rxb7 Qxa2 16. Ne5 Nxe5 17. dxe5 Qa6 18. Rb4 Nd7 19. e4 Nxe5 20. exd5 Qd6 21. Re4 exd5 22. Rd4 Rad8 23. Rxd5 Qc7 24. Re1 Ng6 25. h4 Ne7 26. Rxd8 Rxd8 27. Qe2 Kf8 28. Be4 h6 29. Bd3 Qb7 30. Bb5 a5 31. Qe3 Rd6 32. Bc4 Rf6 33. Re2 Rd6 34. Re1 Qc7 35. Qe4 Rd2 36. Qe3 Qd7 37. Qf4 Ng6 38. Qb8+ Qd8 39. Qxd8+ Rxd8 40. Ra1 Ra8 41. Bd5 Ra7 42. b4 Ne7 43. Bb3 Nc6 44. bxa5 Nxa5 1/2-1/2

[Event "37th Andorra Open 2019"]
[Site "Caldea"]
[Date "2019.07.30"]
[Round "3.8"]
[White "Van der Lende, Ilias"]
[Black "Asis Gargatagli, Hipolito"]
[Result "1/2-1/2"]
[ECO "D02"]
[WhiteElo "2350"]
[BlackElo "2506"]
[Annotator "ChessBase"]
[PlyCount "83"]
[EventDate "2018.07.21"]
[EventType "swiss"]
[EventCountry "AND"]
[TimeControl "40/5400+30:1800+30"]

1. d4 Nf6 2. Nf3 g6 3. g3 Bg7 4. Bg2 d5 5. O-O Nbd7 6. c4 dxc4 7. Nbd2 Nb6 8. e4 c6 9. a4 a5 10. Qc2 O-O 11. Re1 Be6 12. Bf1 Bg4 13. h3 Be6 14. Ng5 Bc8 15. Nxc4 Nxc4 16. Qxc4 h6 17. Nf3 Be6 18. Qc2 Qb6 19. Be3 Qb3 20. Qb1 Rfd8 21. Rc1 Ne8 22. Ra3 Qb4 23. Ne1 Qd6 24. Rd3 Qd7 25. Kh2 Nd6 26. Rd2 Bb3 27. g4 Bxa4 28. e5 Ne8 29. Bd3 Bb3 30. f4 Nc7 31. Ng2 Nd5 32. Be4 a4 33. Qd3 b5 34. Bf2 Nb4 35. Qf3 Bd5 36. Ne3 a3 37. Bxd5 cxd5 38. bxa3 Rxa3 39. Qe2 Nc6 40. Rc5 e6 41. Qxb5 Ne7 42. Qb6 1/2-1/2

[Event "37th Andorra Open 2019"]
[Site "Caldea"]
[Date "2019.07.30"]
[Round "4.1"]
[White "Lagarde, Maxime"]
[Black "Ochsner, Bjorn Moller"]
[Result "1-0"]
[ECO "C29"]
[WhiteElo "2597"]
[BlackElo "2483"]
[Annotator "ChessBase"]
[PlyCount "77"]
[EventDate "2018.07.21"]
[EventType "swiss"]
[EventCountry "AND"]
[SourceTitle "playchess.com"]
[Source "ChessBase"]
[SourceQuality "1"]
[TimeControl "40/5400+30:1800+30"]

1. e4 e5 2. Nc3 Nf6 3. f4 d5 4. fxe5 Nxe4 5. Qf3 Nxc3 6. dxc3 Be6 7. Qg3 c5 8. Bb5+ Nc6 9. Bxc6+ bxc6 10. Ne2 Be7 11. Qxg7 Kd7 12. Nf4 Rg8 13. Qxh7 Qc7 14. O-O Qxe5 15. Nxe6 fxe6 16. Bf4 Qe2 17. Rf2 Qg4 18. h3 Qh4 19. Qxh4 Bxh4 20. Rf3 Raf8 21. Raf1 Rf5 22. Be3 Rxf3 23. Rxf3 Kd6 24. b4 cxb4 25. cxb4 a6 26. Bc5+ Ke5 27. Re3+ Kf6 28. Bd4+ Ke7 29. Bc5+ Kd7 30. Ra3 e5 31. Rxa6 d4 32. a4 Rg3 33. b5 cxb5 34. axb5 Re3 35. Ra7+ Kc8 36. Bb4 Re2 37. b6 Bg3 38. Rg7 Rxc2 39. b7+ 1-0

[Event "37th Andorra Open 2019"]
[Site "Caldea"]
[Date "2019.07.30"]
[Round "4.4"]
[White "Ruiz Castillo, Joshua Daniel"]
[Black "Aloma Vidal, Robert"]
[Result "1/2-1/2"]
[ECO "E68"]
[WhiteElo "2501"]
[BlackElo "2419"]
[Annotator "ChessBase"]
[PlyCount "86"]
[EventDate "2018.07.21"]
[EventType "swiss"]
[EventCountry "AND"]
[SourceTitle "playchess.com"]
[Source "ChessBase"]
[SourceQuality "1"]
[TimeControl "40/5400+30:1800+30"]

1. Nf3 Nf6 2. g3 g6 3. Bg2 Bg7 4. O-O O-O 5. c4 d6 6. d4 Nbd7 7. Nc3 e5 8. e4 exd4 9. Nxd4 Re8 10. h3 Nc5 11. Re1 Bd7 12. Nb3 Na4 13. e5 Nxc3 14. bxc3 Rxe5 15. Rxe5 dxe5 16. Bxb7 Rb8 17. Bg2 Qc8 18. Kh2 e4 19. Be3 a6 20. Nc5 Bc6 21. Rb1 Ra8 22. Qc2 Qf5 23. Nb3 Bd7 24. Nc5 Bc6 25. Qd1 h5 26. Nb3 Bd7 27. Nd4 Qa5 28. Rb7 Rc8 29. Qc2 h4 30. Bf4 hxg3+ 31. fxg3 Qc5 32. Nb3 Qxc4 33. Rb4 Qc6 34. Nd2 Be6 35. Ra4 Rb8 36. Nxe4 Nxe4 37. Bxe4 Qxc3 38. Qxc3 Bxc3 39. Rxa6 Rb2+ 40. Kh1 Rxa2 41. Rxa2 Bxa2 42. Bxc7 Be6 43. h4 Kg7 1/2-1/2

[Event "37th Andorra Open 2019"]
[Site "Caldea"]
[Date "2019.07.30"]
[Round "4.8"]
[White "Arizmendi Martinez, Julen Luis"]
[Black "Van der Lende, Ilias"]
[Result "1-0"]
[ECO "C07"]
[WhiteElo "2512"]
[BlackElo "2350"]
[Annotator "ChessBase"]
[PlyCount "43"]
[EventDate "2018.07.21"]
[EventType "swiss"]
[EventCountry "AND"]
[SourceTitle "playchess.com"]
[Source "ChessBase"]
[SourceQuality "1"]
[TimeControl "40/5400+30:1800+30"]

1. e4 e6 2. d4 d5 3. Nd2 c5 4. exd5 Qxd5 5. Ngf3 cxd4 6. Bc4 Qd8 7. O-O Nf6 8. Nb3 Be7 9. Qe2 a6 10. Nbxd4 b5 11. Bb3 Bb7 12. Bxe6 fxe6 13. Nxe6 Qb6 14. Nxg7+ Kd8 15. Rd1+ Nbd7 16. Ne5 Bd5 17. Bg5 Rg8 18. Nxd7 Kxd7 19. Bxf6 Qxf6 20. Rxd5+ Kc6 21. Qe4 Qh4 22. Qe6+ 1-0

[Event "37th Andorra Open 2019"]
[Site "Caldea"]
[Date "2019.07.31"]
[Round "5.5"]
[White "Aloma Vidal, Robert"]
[Black "Asis Gargatagli, Hipolito"]
[Result "1/2-1/2"]
[ECO "C60"]
[WhiteElo "2419"]
[BlackElo "2506"]
[Annotator "ChessBase"]
[PlyCount "26"]
[EventDate "2018.07.21"]
[EventType "swiss"]
[EventCountry "AND"]
[SourceTitle "playchess.com"]
[Source "ChessBase"]
[SourceQuality "1"]
[TimeControl "40/5400+30:1800+30"]

1. e4 e5 2. Nf3 Nc6 3. Bb5 g6 4. d4 exd4 5. Bg5 Be7 6. Bxe7 Qxe7 7. Bxc6 dxc6 8. Qxd4 Nf6 9. Nc3 Bg4 10. Nd2 c5 11. Qe3 O-O-O 12. f3 Be6 13. O-O-O b6 1/2-1/2

[Event "37th Andorra Open 2019"]
[Site "Caldea"]
[Date "2019.08.01"]
[Round "6.1"]
[White "Lagarde, Maxime"]
[Black "Arizmendi Martinez, Julen Luis"]
[Result "1-0"]
[ECO "B12"]
[WhiteElo "2597"]
[BlackElo "2512"]
[Annotator "ChessBase"]
[PlyCount "131"]
[EventDate "2018.07.21"]
[EventType "swiss"]
[EventCountry "AND"]
[SourceTitle "playchess.com"]
[Source "ChessBase"]
[SourceQuality "1"]
[TimeControl "40/5400+30:1800+30"]

1. e4 c6 2. d4 d5 3. e5 Bf5 4. Nf3 e6 5. Be2 c5 6. Be3 cxd4 7. Nxd4 Ne7 8. O-O Nbc6 9. Bb5 a6 10. Bxc6+ Nxc6 11. Nxf5 exf5 12. c3 Be7 13. f4 O-O 14. Qd3 Qd7 15. Nd2 Qe6 16. Nb3 Rfd8 17. a4 g6 18. a5 d4 19. Nxd4 Qd5 20. Rfd1 Bc5 21. Qe2 Qe4 22. Qf2 Qd5 23. Qe1 Qe4 24. Nxf5 Bxe3+ 25. Nxe3 Qxf4 26. Nd5 Qxe5 27. Qxe5 Nxe5 28. Nb6 Rab8 29. b4 f6 30. Rd4 Kf7 31. Rad1 Rxd4 32. cxd4 Rd8 33. Kf2 Nd7 34. Nc4 Ne5 35. Nb6 Nd7 36. Na4 Ke6 37. Ke3 Kd6 38. Kd3 Re8 39. Rb1 Kc6 40. Nc3 f5 41. d5+ Kd6 42. b5 Kc5 43. bxa6 bxa6 44. Rb7 Ne5+ 45. Kc2 Nc4 46. Rxh7 Ne3+ 47. Kd3 Nxd5 48. Nxd5 Rd8 49. Rc7+ Kxd5 50. Ke3 Rb8 51. h4 Rb4 52. g3 Ra4 53. Rg7 Rg4 54. Kf3 Kc6 55. Rf7 Kb5 56. h5 Kxa5 57. h6 Rg5 58. h7 Rh5 59. Kf4 Kb4 60. Ke5 a5 61. Kf6 Rh3 62. Kg7 a4 63. h8=Q Rxh8 64. Kxh8 a3 65. Kg7 g5 66. Rxf5 1-0

[Event "37th Andorra Open 2019"]
[Site "Caldea"]
[Date "2019.08.01"]
[Round "6.4"]
[White "Ochsner, Bjorn Moller"]
[Black "Rychagov, Andrey"]
[Result "1/2-1/2"]
[ECO "C09"]
[WhiteElo "2483"]
[BlackElo "2537"]
[Annotator "ChessBase"]
[PlyCount "46"]
[EventDate "2018.07.21"]
[EventType "swiss"]
[EventCountry "AND"]
[SourceTitle "playchess.com"]
[Source "ChessBase"]
[SourceQuality "1"]
[TimeControl "40/5400+30:1800+30"]

1. e4 e6 2. d4 d5 3. Nd2 c5 4. exd5 exd5 5. Ngf3 Nc6 6. Bb5 Bd6 7. dxc5 Bxc5 8. O-O Nge7 9. Nb3 Bd6 10. Re1 O-O 11. Bd3 h6 12. h3 Bf5 13. Bxf5 Nxf5 14. Qd3 Qd7 15. Bd2 Rfe8 16. Rad1 Rxe1+ 17. Bxe1 Rd8 18. Bc3 Nfe7 19. Nbd4 Ng6 20. Qf5 Qxf5 21. Nxf5 f6 22. Kf1 Be5 23. Bd4 Kf7 1/2-1/2

[Event "37th Andorra Open 2019"]
[Site "Caldea"]
[Date "2019.08.01"]
[Round "6.5"]
[White "Kogan, Arthur"]
[Black "Aloma Vidal, Robert"]
[Result "1-0"]
[ECO "C48"]
[WhiteElo "2535"]
[BlackElo "2419"]
[Annotator "ChessBase"]
[PlyCount "49"]
[EventDate "2018.07.21"]
[EventType "swiss"]
[EventCountry "AND"]
[SourceTitle "playchess.com"]
[Source "ChessBase"]
[SourceQuality "1"]
[TimeControl "40/5400+30:1800+30"]

1. e4 e5 2. Nf3 Nc6 3. Nc3 Nf6 4. Bb5 Bc5 5. d3 O-O 6. Bg5 h6 7. Bh4 g5 8. Bg3 d6 9. Qd2 Nd4 10. h4 g4 11. Nxd4 exd4 12. Ne2 c6 13. Ba4 Kh7 14. h5 d5 15. e5 Ng8 16. c3 dxc3 17. bxc3 d4 18. Qf4 Ne7 19. Bh4 Qa5 20. Bb3 Nf5 21. Bf6 Be6 22. O-O Rg8 23. Ng3 Ng7 24. Qe4+ Kh8 25. Bxe6 1-0

[Event "37th Andorra Open 2019"]
[Site "Caldea"]
[Date "2019.08.01"]
[Round "6.6"]
[White "Asis Gargatagli, Hipolito"]
[Black "Garcia Martin, Marta"]
[Result "1/2-1/2"]
[ECO "C45"]
[WhiteElo "2506"]
[BlackElo "2335"]
[Annotator "ChessBase"]
[PlyCount "81"]
[EventDate "2018.07.21"]
[EventType "swiss"]
[EventCountry "AND"]
[SourceTitle "playchess.com"]
[Source "ChessBase"]
[SourceQuality "1"]
[TimeControl "40/5400+30:1800+30"]

1. e4 e5 2. Nf3 Nc6 3. d4 exd4 4. Nxd4 Nf6 5. Nxc6 bxc6 6. e5 Qe7 7. Qe2 Nd5 8. h4 a5 9. g3 Ba6 10. c4 Qd8 11. Qe4 Bb4+ 12. Nd2 Nb6 13. Bd3 Qe7 14. O-O Qe6 15. b3 Bc3 16. Rb1 Bxe5 17. Re1 Bd6 18. Bb2 Qxe4 19. Nxe4 O-O 20. Nxd6 cxd6 21. Bf5 c5 22. Bc1 d5 23. cxd5 Nxd5 24. Bxd7 Rad8 25. Bg4 Nb4 26. Be3 Bd3 27. Rbd1 c4 28. bxc4 Bxc4 29. Bc5 Rfe8 30. Rxd8 Rxd8 31. Bb6 Ra8 32. a3 Nc2 33. Rc1 Bd3 34. a4 Ra6 35. Bd8 Ra8 36. Bb6 Ra6 37. Bc7 Ra7 38. Bf4 f5 39. Bd1 Nd4 40. Rc8+ Kf7 41. Rc7+ 1/2-1/2

[Event "37th Andorra Open 2019"]
[Site "Caldea"]
[Date "2019.08.01"]
[Round "6.7"]
[White "Kirk, Ezra"]
[Black "Admiraal, Miguoel"]
[Result "1-0"]
[ECO "B11"]
[WhiteElo "2420"]
[BlackElo "2504"]
[Annotator "ChessBase"]
[PlyCount "47"]
[EventDate "2018.07.21"]
[EventType "swiss"]
[EventCountry "AND"]
[SourceTitle "playchess.com"]
[Source "ChessBase"]
[SourceQuality "1"]
[TimeControl "40/5400+30:1800+30"]

1. e4 c6 2. Nc3 d5 3. Nf3 h6 4. d4 dxe4 5. Nxe4 Bf5 6. Bd3 e6 7. Bf4 Be7 8. Qe2 Nf6 9. Nxf6+ Bxf6 10. O-O-O O-O 11. g4 Bxd3 12. Rxd3 Qd5 13. Kb1 Nd7 14. Rg1 Be7 15. g5 Qf5 16. Bc1 Rfd8 17. gxh6 g6 18. Ng5 Nf6 19. h4 Rf8 20. Rf3 Qd5 21. h5 Nxh5 22. Nxf7 Kh7 23. Qd3 Rg8 24. Ne5 1-0

[Event "37th Andorra Open 2019"]
[Site "Caldea"]
[Date "2019.08.02"]
[Round "7.1"]
[White "Kogan, Arthur"]
[Black "Lagarde, Maxime"]
[Result "1/2-1/2"]
[ECO "B88"]
[WhiteElo "2535"]
[BlackElo "2597"]
[Annotator "ChessBase"]
[PlyCount "64"]
[EventDate "2018.07.21"]
[EventType "swiss"]
[EventCountry "AND"]
[SourceTitle "playchess.com"]
[Source "ChessBase"]
[SourceQuality "1"]
[TimeControl "40/5400+30:1800+30"]

1. e4 c5 2. Nc3 Nc6 3. Nge2 d6 4. d4 cxd4 5. Nxd4 Nf6 6. Bc4 Bd7 7. O-O e6 8. Be3 Be7 9. Bb3 O-O 10. f4 Nxd4 11. Bxd4 Bc6 12. Qe2 b5 13. Nxb5 Bxe4 14. Nxa7 Qb8 15. Nb5 e5 16. Be3 Qb7 17. c4 Bc6 18. Nc3 Nd7 19. Rad1 Rae8 20. f5 Nf6 21. Ba4 Bxa4 22. Nxa4 d5 23. cxd5 Nxd5 24. Qf3 Qa8 25. Rxd5 Qxa4 26. Rxe5 Bf6 27. Rxe8 Rxe8 28. Bf2 Qxa2 29. Qc6 Rd8 30. Re1 h6 31. h3 Kh7 32. Qc2 Qxb2 1/2-1/2